Unix NetHack Version 5.0.0-0 post-release - last build Jul 19 2026 19:10:59 (3aa4ab31751d3886436d94b585a96704892fd477,branch:main).

Game began 2026-07-27 12:50:56, ended 2026-07-27 14:10:45.

Fletchius, chaotic male elven Wizard

                                                --  --    ---
                                                |. --.-----.-
                                          --    -............
                                         --. --     ........-        ----
                                         |.....       -.....----------..---
                                 | -------....... -----...<..........s)...|
                               -.............%.......%...........-----@...-
                               |       ---..........-----%.-------  |......|
                                         - -........-  |)..--       -........
                                         ...........   --...---     ....>....-
                                         |..........    --....---   .........|
                                         --.........-    --.....-- |.........-
                                          |.---.....|     --.....| --.........
                                          --  --.----      |.....-- -........-
                                               --          ----...|  ..--...--
                                                              |-..|  ..- ...|
                                                             --.---  ..   ..|
                                                             |..|    ..   ..|
                                                             |..|   ---   ---
                                                             ----
Fletchius the Thaumaturge  St:10 Dx:12 Co:12 In:20 Wi:11 Ch:13  Chaotic
Dlvl:7  $:136 HP:0(40) Pw:62(71) AC:8  Xp:6 T:2537 

Latest messages:
 In what direction? h
 You kill the dwarf!
 The gnome wields a crossbow!
 j - a cram ration.
 The gnome shoots 2 crossbow bolts!
 The gnome misfires!
 You are hit by the 2nd crossbow bolt.
 What do you want to zap? [ceACZ or ?*] e
 In what direction? l
 The magic missile hits the gnome!
 You kill the gnome!
 The gnome shoots 2 crossbow bolts!
 The gnome misfires!
 The 1st crossbow bolt misses.
 You are hit by the 2nd crossbow bolt.
 What do you want to zap? [ceACZ or ?*] e
 In what direction? l
 You kill the gnome!
 The gnome picks up a dwarvish cloak.
 What do you want to drink? [f-hwBY or ?*] ?
 You feel better.
 The gnome picks up a crossbow.
 The gnome wields 3 daggers!
 You kill the gnome!
 There are several objects here.
 The gnome picks up a crossbow bolt.
 The gnome picks up a dagger.
 The hobbit throws a dagger!
 You are hit by a dagger.
 You hit the hobbit.
 You kill the hobbit!
 The gnome picks up 8 crossbow bolts.
 You see here a yellow potion.
 q - a yellow potion.
 What do you want to drink? [ghqwBY or ?*] q
 Your feet are frozen to the floor!
 The giant spider bites!
 The giant spider bites!
 The giant spider bites!
 The giant spider bites!
 The giant spider bites!
 The giant spider bites!
 The giant spider bites!
 The giant spider bites!
 You die...
 Do you want your possessions identified? [ynq] (y) y
 Do you want to see your attributes? [ynq] (y) y
 Do you want an account of creatures vanquished? [ynaq] (y) y
 Do you want to see your conduct and achievements? [ynq] (y) y
 Do you want to see the dungeon overview? [ynq] (y) y

Inventory:
 Coins    ('$')
  $ - 136 gold pieces
 Amulets  ('"')
  V - a blessed amulet of unchanging (being worn)
 Weapons  (')')
  a - a blessed +1 quarterstaff (weapon in hands)
 Armor    ('[')
  I - an uncursed +0 dwarvish iron helm
  u - an uncursed +0 orcish helm (being worn)
  b - an uncursed +0 cloak of magic resistance (being worn)
 Comestibles  ('%')
  j - an uncursed cram ration
  W - 3 uncursed food rations
  J - an uncursed tripe ration
  L - a cursed tripe ration
 Scrolls  ('?')
  r - an uncursed scroll of enchant armor
  k - a blessed scroll of enchant weapon
  z - a cursed scroll of enchant weapon
  i - an uncursed scroll of teleportation
 Spellbooks  ('+')
  l - a blessed spellbook of force bolt
  m - an uncursed spellbook of knock
 Potions  ('!')
  w - an uncursed potion of acid
  g - an uncursed potion of confusion
  h - 2 uncursed potions of gain ability
  B - a cursed potion of speed
  Y - a potion of holy water
 Rings    ('=')
  E - an uncursed ring of levitation
  d - an uncursed ring of see invisible
 Wands    ('/')
  C - a wand of digging (0:8)
  A - a wand of digging (0:0)
  c - a wand of light (0:15)
  Z - a wand of magic missile (0:5)
  e - a wand of magic missile (0:0)
 Tools    ('(')
  p - an uncursed bugle
  o - an uncursed blindfold
  n - a magic marker (0:22)
  K - an uncursed oil lamp
 Gems/Stones  ('*')
  D - an uncursed worthless piece of black glass

Fletchius the Wizard's attributes:

Background:
 You were a Thaumaturge, a level 6 male elven Wizard.
 You were chaotic, on a mission for Anhur
 who was opposed by Ptah (lawful) and Thoth (neutral).
 You were right-handed.
 You were in the Gnomish Mines, on level 7.
 You entered the dungeon 2537 turns ago.
 You had 408 experience points, 232 more were needed to attain level 7.

Basics:
 You had 0 out of 40 hit points.
 You had 62 out of 71 energy points (spell power).
 Your armor class was 8.
 Your wallet contained 136 zorkmids.
 Autopickup was off.

Final Characteristics:
 Your strength was 10 (limit:18).
 Your dexterity was 12 (limit:18).
 Your constitution was 12 (limit:16).
 Your intelligence was 20 (limit:20).
 Your wisdom was 11 (limit:20).
 Your charisma was 13 (limit:18).

Final Status:
 You weren't hungry.
 You were unencumbered.
 You were wielding a quarterstaff.
 You had basic skill with quarterstaff and could have enhanced that.

Final Attributes:
 You were piously aligned.
 You were magic-protected.
 You were sleep resistant.
 You had infravision.
 You were warded.
 You couldn't change from your current form.
 You are dead.

Miscellaneous:
 You didn't encounter any bones levels.
 Total elapsed playing time was 1 hour, 19 minutes and 48 seconds.

Major events:
 Turn
    1: Fletchius the chaotic male elven Wizard entered the dungeon
  937: attained the rank of Conjurer (level 3)
 1558: entered the Gnomish Mines
 1979: reached Mine Town
 2449: attained the rank of Thaumaturge (level 6)
 2537: killed by a giant spider, while frozen by a potion

Spells:
 Name                 Level Category     Fail Retention
 force bolt             1   attack         0%   81%-90%
 knock                  1   matter         0%  76%-100%

Skills:
 Fighting Skills
   bare handed combat [Unskilled]
   riding             [Unskilled]
 Weapon Skills
   dagger             [Unskilled]
   knife              [Unskilled]
   axe                [Unskilled]
   short sword        [Unskilled]
   club               [Unskilled]
   mace               [Unskilled]
   quarterstaff       [Basic]
   polearms           [Unskilled]
   spear              [Unskilled]
   trident            [Unskilled]
   sling              [Unskilled]
   dart               [Unskilled]
   shuriken           [Unskilled]
 Spellcasting Skills
   attack spells      [Basic]
   healing spells     [Unskilled]
   divination spells  [Unskilled]
   enchantment spells [Basic]
   clerical spells    [Unskilled]
   escape spells      [Unskilled]
   matter spells      [Unskilled]

Voluntary challenges:
 Character rerolling was not enabled.
 You never genocided any monsters.
 You never polymorphed an object.
 You never changed form.
 You used no wishes.
Achievements:
 You attained the rank of Conjurer.
 You entered a shop.
 You entered the Gnomish Mines.
 You entered Minetown.
 You entered a temple.
 You attained the rank of Thaumaturge.

 The Dungeons of Doom: levels 1 to 4
    Level 1:
       A sink.
    Level 2:
       A fountain, a tree.
       Stairs down to The Gnomish Mines.
    Level 3:
       An altar, a sink.
    Level 4:
       A ring shop, an altar, a fountain.
 The Gnomish Mines: levels 3 to 7
    Level 3:
    Level 4:
    Level 5:
    Level 6:
       Many shops, a temple and an altar, some fountains.
    Level 7: <- You were here.
       Final resting place for
          you, killed by a giant spider, while frozen by a potion.


Vanquished creatures:
  a rock mole
  2 shriekers
  3 gnome leaders
  2 gnomish wizards
  a giant ant
  a kitten
  6 dwarves
  a homunculus
  a giant bat
  a dwarf zombie
 an iguana
 an acid blob
  2 hobbits
  2 cave spiders
 20 gnomes
  5 geckos
  8 jackals
  2 kobolds
  a goblin
  2 sewer rats
  3 grid bugs
  4 lichens
  7 newts
77 creatures vanquished.

No species were genocided or became extinct.

Game over:
                       ----------
                      /          \
                     /    REST    \
                    /      IN      \
                   /     PEACE      \
                  /                  \
                  |    Fletchius     |
                  |      136 Au      |
                  |   killed by a    |
                  |   giant spider   |
                  |                  |
                  |                  |
                  |       2026       |
                 *|     *  *  *      | *
        _________)/\\_//(\/(/\)/\//\/|_)_______

Goodbye Fletchius the Wizard...

You died in The Gnomish Mines on dungeon level 7 with 2085 points,
and 136 pieces of gold, after 2537 moves.
You were level 6 with a maximum of 40 hit points when you died.

